 Dungeon Crawl Stone Soup version 0.17.1-1-g73c8601 (webtiles) character file.

665 rutigerpupkin the Firebug (level 7, -1/36 HPs)
             Began as a Gargoyle Fire Elementalist on Mar 29, 2016.
             Slain by Prince Ribbit (7 damage)
             ... on level 5 of the Dungeon on Apr 2, 2016.
             The game lasted 00:14:28 (4021 turns).

rutigerpupkin the Firebug (GrFE)                    Turns: 4021, Time: 00:14:29

Health: -1/36      AC:  8    Str: 12    XL:     7   Next: 57%
Magic:  5/13       EV: 12    Int: 17    God:
Gold:   185        SH:  0    Dex: 10    Spells: 3 memorised, 6 levels left

rFire  . . .     SeeInvis .     m - +0 short sword (venom)
rCold  . . .     Clarity  .     a - +0 robe
rNeg   + . .     SustAt   .     (no shield)
rPois  ∞         Gourm    .     t - +0 helmet
rElec  +         Spirit   .     (no cloak)
rCorr  .         Warding  .     (no gloves)
rMut   .         Stasis   .     p - +0 pair of boots
MR     .....                    (no amulet)
Stlth  ++........               (no ring)
                                (no ring)

@: very slightly contaminated, not resistant to hostile enchantments, unstealthy
A: negative energy resistance 1, electricity resistance, unbreathing,
petrification resistance, rot immunity, AC +4
a: no special abilities


You were on level 5 of the Dungeon.
You were not hungry.

You visited 1 branch of the dungeon, and saw 5 of its levels.

You collected 185 gold pieces.

Inventory:

Hand Weapons
 m - a +0 short sword of venom (weapon)
Missiles
 h - 2 throwing nets (quivered)
 i - 41 poisoned needles
Armour
 a - a +0 robe (worn)
 p - a +0 pair of boots (worn)
 q - a +0 large shield
 t - a +0 helmet (worn)
Scrolls
 k - 4 scrolls of identify {unknown}
 s - a scroll of teleportation {unknown}
 w - a scroll of amnesia {unknown}
 x - a scroll of enchant armour {unknown}
 y - a scroll of remove curse {unknown}
Potions
 e - a potion of magic {unknown}
 f - a potion of might {unknown}
 g - 5 potions of curing {unknown}
 j - 3 potions of degeneration {unknown}
 r - 2 potions of resistance {unknown}
 u - a potion of heal wounds {unknown}
 v - a potion of mutation {unknown}
 z - 2 potions of flight {unknown}
 A - a potion of lignification {unknown}
Books
 b - a book of Flames

   Spells                             Type                      Level
   a - Flame Tongue                   Conjuration/Fire             1
   b - Throw Flame                    Conjuration/Fire             2
   c - Conjure Flame                  Conjuration/Fire             3
   d - Inner Flame                    Hexes/Fire                   3
   e - Sticky Flame                   Conjuration/Fire             4
   f - Fireball                       Conjuration/Fire             5
Comestibles
 c - 2 bread rations
 d - a beef jerky
 l - 3 meat rations
 n - a slice of pizza
 o - 22 fruits
 B - 10 chunks of flesh


   Skills:
 - Level 1.5 Dodging
 - Level 2.1 Stealth
 + Level 4.2 Spellcasting
 + Level 4.5 Conjurations
 * Level 6.2 Fire Magic


You had 6 spell levels left.
You knew the following spells:

 Your Spells              Type           Power        Failure   Level  Hunger
a - Flame Tongue          Conj/Fire      ###..        1%          1    None
b - Conjure Flame         Conj/Fire      ###.....     8%          3    ###....
g - Sticky Flame          Conj/Fire      ###.....     21%         4    ####...


Dungeon Overview and Level Annotations

Branches:
Dungeon (5/15)
 Temple: D:4-7

Altars:

Shops:
D:5 [

Annotations:
D:5 Prince Ribbit


Innate Abilities, Weirdness & Mutations

You are resistant to torment.
Your stone body is resilient (AC +4).
You are immune to poison.
You resist negative energy.
You are resistant to electric shocks.
You can survive without breathing.
You are immune to petrification.
You are immune to rotting.


Message History

You miscast Sticky Flame.
You are very lightly contaminated with residual magic.
Sparks fly from your hands! Prince Ribbit closely misses you.
The giant newt misses you. Prince Ribbit hits you!
There is an entrance to Caafeseu's Antique Armour Boutique here.
Casting: Sticky Flame
Confirm with . or Enter, or press ? or * to list all spells.
Aiming: Sticky Flame
Press: ? - help, Shift-Dir - straight line, f/p - Prince Ribbit
Aim: Prince Ribbit The sticky flame hits Prince Ribbit.
Prince Ribbit is lightly wounded.
Prince Ribbit is covered in liquid flames!
Prince Ribbit burns!
Prince Ribbit closely misses you.
You closely miss Prince Ribbit.
Prince Ribbit is lightly wounded.
Prince Ribbit burns!
Prince Ribbit hits you!
* * * LOW HITPOINT WARNING * * *
Prince Ribbit hits you!
You die...

##. .... #.
##..##..## #.
......... #.
........## #.
#.....###########.
#.....<...........
#.....############
#....## #@#.##
#F#.# #..l..#
#.....# .......#
###.....# #.....#
......# ###...##


You could see Prince Ribbit (burning) and a giant newt.

Vanquished Creatures
  A phantom (D:4)
  An ogre (D:4)
  A centaur (D:5)
  2 scorpions (D:4)
  2 orc wizards
  2 iguanas (D:4)
  2 worker ants (D:4)
  Robin (D:2)
  4 adders
  3 worms
  4 giant geckos
  9 orcs
  5 ball pythons
  4 giant cockroaches
  13 hobgoblins
  8 bats
  5 giant newts
  14 goblins
  11 kobolds
  2 quokkas (D:2)
  7 rats
  A toadstool (D:1)
102 creatures vanquished.

Vanquished Creatures (others)
  3 toadstools (D:1)
3 creatures vanquished.

Grand Total: 105 creatures vanquished

Notes
Turn   | Place    | Note
--------------------------------------------------------------
     0 | D:1      | rutigerpupkin the Gargoyle Fire Elementalist began the quest for the Orb.
     0 | D:1      | Reached XP level 1. HP: 10/10 MP: 3/3
   222 | D:1      | Reached XP level 2. HP: 9/15 MP: 3/5
   774 | D:1      | Reached XP level 3. HP: 19/19 MP: 4/6
  1033 | D:2      | Learned a level 3 spell: Conjure Flame
  1339 | D:2      | Reached XP level 4. HP: 15/24 MP: 7/7
  1576 | D:2      | Reached skill level 4 in Fire Magic
  2097 | D:3      | Noticed Robin
  2167 | D:2      | Killed Robin
  2474 | D:3      | Found a faded altar to an unknown god.
  2570 | D:3      | Reached XP level 5. HP: 24/28 MP: 9/9
  2837 | D:4      | Reached XP level 6. HP: 5/32 MP: 6/10
  2846 | D:4      | Learned a level 4 spell: Sticky Flame
  3163 | D:4      | Noticed a phantom
  3176 | D:4      | Killed a phantom
  3176 | D:4      | Reached skill level 5 in Fire Magic
  3289 | D:4      | Noticed an ogre
  3294 | D:4      | Killed an ogre
  3369 | D:4      | Reached XP level 7. HP: 36/36 MP: 10/12
  3907 | D:5      | Entered Level 5 of the Dungeon
  3934 | D:5      | Reached skill level 6 in Fire Magic
  4006 | D:5      | Found Caafeseu's Antique Armour Boutique.
  4013 | D:5      | Noticed Prince Ribbit
  4021 | D:5      | Slain by Prince Ribbit

Action                   |  1- 3 |  4- 6 |  7- 9 || total
-------------------------+-------+-------+-------++-------
Melee: Unarmed           |    10 |       |       ||    10
       Short sword       |    42 |   119 |    33 ||   194
 Cast: Flame Tongue      |    46 |    38 |    12 ||    96
       Sticky Flame      |       |     1 |     1 ||     2
 Stab: Sleeping          |     1 |     3 |       ||     4
  Eat: Chunk             |     2 |     7 |     2 ||    11
